Map: [G8] Dragon Scales

Players

Solar

  • Race: Zerg Zerg
  • Spawn Location: 11:00

Cure - Winner!

  • Race: Terran Terran
  • Spawn Location: 5:00

Event: Gamers8 2023

VOD

Have the link to the VOD?

Description

Time

  • Played on: Aug. 6, 2023, 1:20 p.m.
  • Length: 7:11

All games in this series

Show
View Real Time Build Order
Export as new Build Order

Solar Zerg 

Build Orders: Hatch First 

Get SALT Encoding   

  12  0:00  Drone  
  13  0:12  Overlord  
  13  0:18  Drone  
  14  0:31  Drone x2  
  16  0:47  Hatchery  
  15  0:51  Drone  
  15  0:55  Drone  
  17  0:57  Drone  
  18  1:09  Extractor  
  17  1:13  Spawning Pool  
  17  1:16  Drone  
  17  1:20  Drone  
  18  1:29  Drone  
  19  1:39  Drone  
  20  1:53  Drone  
  21  2:00  Queen  
  21  2:01  Queen, Zergling x4  
  27  2:10  Zergling x2  
  28  2:17  Hatchery  
  28  2:22  Metabolic Boost  
  27  2:27  Overlord  
  27  2:31  Zergling x2  
  27  2:45  Queen  
  27  2:46  Drone  
  27  2:47  Drone  
  27  2:49  Drone  
  32  2:51  Zergling x2  
  32  2:54  Overlord  
  33  2:59  Drone  
  34  3:05  Drone  
  35  3:13  Drone  
  35  3:14  Drone x4  
  40  3:20  Queen  
  40  3:22  Overlord  
  40  3:26  Drone  
  43  3:32  Queen  
  45  3:37  Drone  
  45  3:39  Drone  
  45  3:40  Queen  
  49  3:42  Drone  
  49  3:45  Overlord  
  50  3:49  Drone x2  
  50  3:50  Drone  
  53  3:55  Drone x3  
  53  4:00  Overlord  
  56  4:03  Drone x2  
  56  4:04  Drone  
  56  4:05  Drone  
  60  4:10  Queen  
  60  4:13  Drone x2  
  60  4:15  Drone  
  60  4:17  Drone  
  66  4:20  Queen  
  66  4:23  Overlord  
  68  4:25  Overlord  
  68  4:27  Drone  
  68  4:28  Drone  
  68  4:30  Overlord  
  70  4:40  Drone x2  
  70  4:41  Drone x2  
  70  4:42  Drone x2  
  70  4:43  Extractor  
  70  4:44  Zergling x4  
  77  4:48  Queen  
  77  4:52  Drone  
  80  4:53  Evolution Chamber x2, Zergling x2, Drone  
  80  4:54  Zergling x2  
  80  4:59  Overlord  
  81  5:00  Drone x2  
  81  5:06  Drone x2  
  84  5:08  Drone x2  
  84  5:12  Spore Crawler  
  84  5:13  Spore Crawler, Drone x2  
  86  5:15  Drone x2  
  86  5:16  Extractor  
  86  5:19  Drone x3  
  90  5:30  Drone  
  90  5:31  Zergling x6  
  90  5:32  Hatchery  
  90  5:33  Extractor  
  92  5:36  Baneling Nest  
  92  5:40  Zergling x4  
  92  5:42  Drone x4  
  97  5:44  Overlord  
  97  5:45  Overlord  
  97  5:47  Zergling x2  
  95  5:52  Spore Crawler  
  95  5:53  Lair  
  95  5:56  Drone  
  95  5:57  Zergling x2  
  95  6:02  Zergling x8  
  100  6:04  Zergling x4  
  100  6:05  Zergling x2  
  100  6:06  Zergling x2  
  100  6:07  Zergling x2  
  105  6:14  Zergling x2  
  105  6:15  Overlord  
  106  6:19  Zergling x2  
  107  6:26  Zergling x4  
  107  6:30  Extractor  
  107  6:33  Drone x3  
  107  6:35  Hatchery  
  107  6:38  Zergling x2, Drone x2  
  107  6:39  Zergling x2  
  104  6:50  Zergling x2, Spawning Pool  
  100  7:02  Hatchery  
Show
View Real Time Build Order
Export as new Build Order

Cure Terran - Winner!

Build Orders:  

Get SALT Encoding   

  12  0:00  SCV  
  13  0:12  SCV  
  14  0:17  Supply Depot  
  14  0:24  SCV  
  15  0:39  SCV  
  15  0:40  Barracks  
  16  0:42  Refinery  
  16  0:51  SCV  
  17  0:59  Barracks  
  17  1:03  SCV  
  18  1:15  SCV  
  19  1:27  Orbital Command, Reaper  
  19  1:30  Supply Depot  
  20  1:46  Reaper  
  21  1:53  SCV  
  22  2:03  Reaper  
  22  2:05  SCV  
  24  2:10  Command Center  
  24  2:16  Refinery  
  24  2:17  SCV  
  26  2:30  SCV  
  26  2:42  SCV  
  27  2:44  Factory  
  27  2:54  Command Center, SCV  
  28  2:59  Barracks Reactor  
  28  3:01  Barracks Tech Lab  
  28  3:07  SCV  
  29  3:19  SCV  
  30  3:22  Orbital Command  
  30  3:29  Factory Reactor  
  30  3:30  Starport  
  30  3:31  SCV  
  31  3:36  Marine x3  
  31  3:40  Stimpack  
  34  3:43  SCV  
  35  3:49  SCV  
  35  3:55  SCV  
  39  4:01  SCV  
  38  4:06  Liberator, Hellion x2  
  38  4:07  SCV  
  46  4:11  Orbital Command  
  46  4:13  SCV  
  47  4:19  SCV  
  50  4:25  SCV  
  50  4:26  Supply Depot  
  50  4:27  Hellion x2  
  50  4:30  Marine x2  
  55  4:31  SCV  
  55  4:32  Marine  
  55  4:36  SCV  
  55  4:37  SCV  
  59  4:39  Supply Depot  
  59  4:44  SCV  
  60  4:47  Refinery  
  60  4:48  Marine x2, SCV  
  60  4:49  SCV  
  60  4:50  Marine  
  65  4:58  Medivac, Refinery, SCV  
  68  5:00  Medivac  
  68  5:01  SCV  
  68  5:02  Orbital Command  
  68  5:07  Marine x2, Supply Depot x2  
  71  5:08  Marine  
  71  5:13  SCV x2  
  76  5:18  Factory Tech Lab  
  76  5:20  Combat Shield  
  76  5:23  Engineering Bay  
  76  5:24  Engineering Bay  
  76  5:27  Marine  
  76  5:28  Marine x2  
  79  5:29  SCV x2  
  79  5:30  SCV  
  82  5:39  Supply Depot  
  82  5:43  Barracks, SCV  
  82  5:44  SCV x2  
  82  5:48  Marine x3  
  88  5:53  Siege Tank  
  91  6:00  Starport Reactor  
  91  6:06  Marine x3  
  91  6:08  Supply Depot  
  94  6:14  Barracks, SCV x3  
  94  6:15  Barracks  
  97  6:25  Siege Tank, Marine x3  
  97  6:31  Marine x2, SCV x3  
  105  6:36  Supply Depot  
  105  6:37  Supply Depot  
  105  6:45  Marine x2  
  105  6:46  Marine  
  104  6:48  SCV x3  
  104  6:54  Armory  
Tags
 
Add a new tag
Caveats
  • Supply blocks, unpowered buildings, or Contaminate may cause inaccurate times.
  • Supply counts are checked every 10 seconds.